 Dungeon Crawl Stone Soup version 0.20.0-10-g0535bb4 (webtiles) character file.

322 Gorglomux the Conjurer (level 6, -4/24 HPs)
             Began as a Felid Conjurer on June 3, 2017.
             Slain by a gnoll
             ... wielding a +0 spear
              (6 damage)
             ... on level 4 of the Dungeon.
             The game lasted 00:13:40 (4066 turns).

Gorglomux the Conjurer (Felid Conjurer)             Turns: 4066, Time: 00:13:41

Health: -4/24      AC:  2    Str:  4    XL:     6   Next: 22%
Magic:  16/23      EV: 18    Int: 18    God:
Gold:   164        SH:  0    Dex: 17    Spells: 3/14 levels left
                                        Lives:  0   Deaths: 1

rFire    . . .     SeeInvis +   (weapon unavailable)
rCold    . . .     Gourm    .   (shield unavailable)
rNeg     . . .     Faith    .   (armour unavailable)
rPois    .         Spirit   .   (helmet unavailable)
rElec    .         Reflect  .   (cloak unavailable)
rCorr    .         Harm     .   (gloves unavailable)
MR       .....                  (boots unavailable)
Stlth    +++.......             (no amulet)
Regen    0.1/turn               F - ring of wizardry
MPRegen  0.2/turn               X - ring of magical power

@: quick
A: no armour, no weapons or thrown items, stealth, claws 1, fangs 3, see
invisible, carnivore 3, speed 1, shaggy fur 2, slow metabolism 1, sharp paws
a: no special abilities


You were on level 4 of the Dungeon.
You were completely stuffed.

You visited 1 branch of the dungeon, and saw 4 of its levels.

You collected 164 gold pieces.

Inventory:

Jewellery
 F - a ring of wizardry (left paw)
 W - a +2 ring of protection
 X - a ring of magical power (right paw)
Scrolls
 C - 2 scrolls of remove curse
 E - a scroll of fear {unknown}
 T - 2 scrolls of teleportation
 U - a scroll of amnesia {unknown}
 Z - a scroll of immolation {unknown}
Potions
 A - 2 potions of heal wounds
 G - a potion of ambrosia
 J - a potion of mutation {!q}
 P - a potion of magic
 Q - a potion of curing {unknown}
 R - a potion of brilliance {unknown}
 V - a potion of agility {unknown}
Books
 a - a book of Conjurations

   Spells                             Type                      Level
   a - Magic Dart                     Conjuration                  1
   b - Searing Ray                    Conjuration                  2
   c - Dazzling Spray                 Conjuration/Hexes            3
   d - Fulminant Prism                Conjuration/Hexes            4
   e - Force Lance                    Conjuration/Translocation    4
   f - Iskenderun's Mystic Blast      Conjuration                  4
Comestibles
 z - 5 meat rations
 S - a royal jelly
 Y - 5 chunks of flesh


   Skills:
 - Level 2.8 Dodging
 - Level 2.6 Stealth
 + Level 4.6 Spellcasting
 + Level 5.6 Conjurations


You had 3 spell levels left.
You knew the following spells:

 Your Spells              Type           Power        Failure   Level  Hunger
a - Magic Dart            Conj           ###.         1%          1    None
b - Searing Ray           Conj           ###...       1%          2    #......
c - Iskenderun's Mystic   Conj           ###.....     5%          4    ####...
d - Fulminant Prism       Conj/Hex       ##........   16%         4    ####...


Dungeon Overview and Level Annotations

Branches:
Dungeon (4/15)
 Temple: D:4-7

Altars:
Cheibriados
Hepliaklqana
Sif Muna

Shops:
D:4 }

Annotations:
D:2 Sigmund


Innate Abilities, Weirdness & Mutations

You cannot wear armour.
You are incapable of wielding weapons or throwing items.
Your paws allow you to move quietly. (Stealth)
You have sharp claws.
You have razor-sharp teeth.
You have supernaturally acute eyesight. (SInv)
You are carnivorous and can eat meat at any time.
You cover ground quickly.
You are covered in thick fur. (AC +2)
You have a slow metabolism.
Your sharp claws are effective at attacking unaware monsters.


Message History

The gnoll seems to speed up.
You shred the net and break free! The gnoll closely misses you. x2
The gnoll hits you from afar with a spear.
The gnoll misses you.
The gnoll shaman prays to its god.
The gnoll shaman is healed somewhat.
The gnoll hits you from afar with a spear.
* * * LOW HITPOINT WARNING * * *
The gnoll hits you from afar with a spear.
* * * LOW HITPOINT WARNING * * *
The gnoll misses you. The gnoll barely misses you.
Okay, then.
The gnoll barely misses you. The gnoll barely misses you.
The gnoll closely misses you. The gnoll barely misses you.
The gnoll misses you.
There is a stone staircase leading up here.
The gnoll hits you from afar with a spear.
You die...

#....#....#.....
#....#....#......
#....##.).###.....
#....##...########
#...........#
#...........#
#..g.g......##
#...g##......#
#...@##...####
#.....#....#
#.....#....#
#.....'....#
#.....#....#
#.(...#....#
############


You could see 3 gnolls.

Vanquished Creatures
  A howler monkey (D:4)
  Jessica (D:3)
  2 iguanas (D:4)
  Terence (D:2)
  Natasha (thrice) (D:2)
  A worker ant (D:4)
  3 gnolls (D:4)
  2 adders
  2 oozes
  A worm (D:3)
  A dart slug (D:2)
  3 leopard geckos
  3 giant cockroaches
  8 goblins
  15 hobgoblins
  6 jackals
  8 kobolds
  A quokka (D:2)
  3 ball pythons
  A ball python skeleton (D:4)
  9 bats
  6 frilled lizards
  2 quokka skeletons (D:4)
  7 rats
90 creatures vanquished.

Vanquished Creatures (others)
  A fulminant prism (D:4)
1 creature vanquished.

Grand Total: 91 creatures vanquished

Notes
Turn   | Place    | Note
-------+----------+-------------------------------------------
     0 | D:1      | Gorglomux the Felid Conjurer began the quest for the Orb.
     0 | D:1      | Reached XP level 1. HP: 7/7 MP: 4/4
   468 | D:1      | Reached XP level 2. HP: 11/11 MP: 3/6
   497 | D:1      | Learned a level 2 spell: Searing Ray
  1112 | D:1      | Reached skill level 4 in Conjurations
  1285 | D:1      | Reached XP level 3. HP: 14/14 MP: 1/8
  1791 | D:2      | Reached skill level 3 in Spellcasting
  1863 | D:2      | Noticed Sigmund
  1927 | D:2      | Noticed Terence
  2116 | D:2      | Found a hazy altar of Hepliaklqana.
  2453 | D:2      | Killed Terence
  2453 | D:2      | Reached XP level 4. HP: 18/18 MP: 1/10
  2539 | D:2      | Noticed Natasha
  2546 | D:2      | Learned a level 4 spell: Iskenderun's Mystic Blast
  2548 | D:2      | Killed Natasha
  2548 | D:2      | Noticed Natasha
  2556 | D:2      | Killed from afar by a white imp
  2557 | D:2      | Reached XP level 3. HP: -2/14 MP: 1/9
  2584 | D:2      | Killed Natasha
  2584 | D:2      | Reached XP level 4. HP: 18/18 MP: 7/10
  2854 | D:2      | Noticed Natasha
  2859 | D:2      | Killed Natasha
  3042 | D:3      | Reached skill level 5 in Conjurations
  3279 | D:3      | Found a deep blue altar of Sif Muna.
  3294 | D:3      | Noticed Jessica
  3297 | D:3      | Killed Jessica
  3297 | D:3      | Reached XP level 5. HP: 21/21 MP: 12/12
  3567 | D:4      | Found Urocossol's Gadget Shoppe.
  3708 | D:4      | Noticed an ogre
  3734 | D:4      | Gained mutation: You are covered in thick fur. (AC +2) [Felid growth]
  3734 | D:4      | Reached XP level 6. HP: 24/24 MP: 2/13
  3874 | D:4      | Learned a level 4 spell: Fulminant Prism
  4013 | D:4      | Found a snail-covered altar of Cheibriados.
  4066 | D:4      | Slain by a gnoll

Skill      XL: |  1  2  3  4 |
---------------+-------------+-----
Conjurations   | 4 5 |  5.6
Spellcasting   | 3 4 |  4.6
Dodging        | |  2.8
Stealth        | |  2.6

Action                   |  1- 3 |  4- 6 || total
-------------------------+-------+-------++-------
Melee: Unarmed           |    24 |     9 ||    33
       Bite              |     1 |     1 ||     2
 Cast: Magic Dart        |   113 |    84 ||   197
       Searing Ray       |     5 |     2 ||     7
       Iskenderun's Myst |       |    10 ||    10
       Fulminant Prism   |       |     1 ||     1
  Use: Scroll            |     1 |     5 ||     6
 Stab: Sleeping          |     5 |       ||     5
  Eat: Chunk             |    15 |     6 ||    21
Dodge: Dodged            |    37 |    25 ||    62
